 Dungeon Crawl Stone Soup version 0.29.1-15-g9cfb28693d (webtiles) character file.

Game seed: 6794943841658647853

40 kingofthe the Conjurer (level 3, -2/21 HPs)
             Began as an Octopode Conjurer on Mar 3, 2023.
             Killed from afar by an orc wizard (3 damage)
             ... with a magic dart
             ... on level 3 of the Dungeon.
             The game lasted 00:03:36 (2155 turns).

kingofthe the Conjurer (Octopode Conjurer)          Turns: 2155, Time: 00:03:37

Health: -2/21      AC:  1    Str:  6    XL:     3   Next: 50%
Magic:  0/7        EV: 13    Int: 20    God:
Gold:   30         SH:  0    Dex: 12    Spells: 7/8 levels left

rFire   . . .      SeeInvis .   (no weapon)
rCold   . . .      Faith    .   (no shield)
rNeg    . . .      Spirit   .   (helmet restricted)
rPois   .          Reflect  .   (no amulet)
rElec   .          Harm     .   (no ring)
rCorr   .          Rampage  .   (no ring)
Will    .....                   (no ring)
Stlth   +++.......              (no ring)
HPRegen 0.07/turn               (no ring)
MPRegen 0.10/turn               (no ring)
                                (no ring)
                                (no ring)

@: no status effects
A: almost no armour, amphibious, 8 rings, camouflage 1, gelatinous body 1,
(nimble swimmer 1), tentacles
a: no special abilities


You were on level 3 of the Dungeon.
You visited 1 branch of the dungeon, and saw 3 of its levels.

You collected 30 gold pieces.


Innate Abilities, Weirdness & Mutations

You cannot wear most types of armour.
You are amphibious.
You can wear up to eight rings at the same time.
Your skin changes colour to match your surroundings (Stealth+).
Your rubbery body absorbs attacks. (AC +1, EV +1)
((You are camouflaged when in or above water. (Stealth+)))
You have tentacles for arms and can constrict up to eight enemies at once.


   Skills:
 * Level 2.2 Dodging
 + Level 2.9 Stealth
 * Level 3.1 Spellcasting
 * Level 4.1 Conjurations


You had 7 spell levels left.
You knew the following spells:

 Your Spells              Type           Power      Damage    Failure   Level
a - Magic Dart            Conj           76%        1d6       2%          1

Your spell library contained the following spells:

 Spells                   Type           Power      Damage    Failure   Level
 Searing Ray              Conj           38%        2d5       3%          2
 Dazzling Flash           Conj/Hex       22%        N/A       19%         3
 Call Imp                 Summ           3%         N/A       22%         2
 Mephitic Cloud           Conj/Pois/Air  8%         N/A       24%         3
 Fulminant Prism          Conj/Hex       5%         3d7       52%         4
 Iskenderun's Mystic Bla  Conj/Tloc      11%        2d4       52%         4

Inventory:

Scrolls
 c - 2 scrolls of teleportation {unknown}
 d - 2 scrolls of blinking {unknown}
 f - a scroll of torment {unknown}
 h - 2 scrolls of identify {unknown}
 i - a scroll of magic mapping {unknown}
 j - a scroll of noise {unknown}
Potions
 a - a potion of magic
 b - a potion of curing {unknown}
 e - 2 potions of brilliance {unknown}
 g - a potion of flight {unknown}
 k - a potion of mutation {unknown}

Dungeon Overview and Level Annotations

Branches:
Dungeon (3/15)

Altars:

#.##..##..# #.#
#.##..##..# ##o##
#.##..##..# .....
###.....##..# ##...##
............# .....
#######.##.## ...
........##.# #.#
##########.#########.#
#......@o...#
#############


You could see an orc wizard.


Message History

An orc comes into view. It is wielding a +0 club.
The magic dart hits the orc wizard.
The orc wizard is severely wounded.
The magic dart hits the orc wizard but does no damage.
The orc wizard is severely wounded.
You closely miss the orc wizard. Your grab misses the orc wizard.
The orc wizard is severely wounded.
The orc wizard hits you with a +0 dagger.
* * * LOW HITPOINT WARNING * * *
You tentacle-slap the orc wizard. Your grab misses the orc wizard.
The orc wizard is severely wounded.
The orc wizard closely misses you.
You tentacle-slap the orc wizard but do no damage.
Your grab misses the orc wizard. Your squeeze misses the orc wizard.
The orc wizard is severely wounded.
The orc wizard points at you and mumbles some strange words.
The puff of flame hits you!
* * * LOW HITPOINT WARNING * * *
You tentacle-slap the orc wizard. Your grab misses the orc wizard.
The orc wizard is almost dead.
The orc wizard hits you with a +0 dagger.
* * * LOW HITPOINT WARNING * * *
Unknown command.
You tentacle-slap the orc wizard but do no damage.
You grab the orc wizard.
The orc wizard is almost dead.
You constrict the orc wizard. The orc wizard casts a spell at you.
The magic dart hits you.
You die...

Skill      XL: |  1  2 |
---------------+-------+-----
Spellcasting   | 3 |  3.1
Dodging        | |  2.2
Stealth        | |  2.9
Conjurations   | |  4.1

Action                   || total
-------------------------++-------
Melee: Unarmed           ||     6
       Constrict         ||     2
       Tentacles         ||     1
 Cast: Magic Dart        ||    66
Dodge: Dodged            ||     2

Levels and vault maps discovered:
D:1:      wander_arrival_chamber, layout_basic, minmay_misc_feat_tower
D:2:      layout_basic, dreamdust_ecumenical_altar_hidden_monk_grotto,
          amcnicky_mini_pool_small, roderic_lattice_a, fountainhead,
          minivault_24, grunt_ministairs_7
D:3:      layout_loops_ring, serial_shops, nicolae_lakefront_shop

Notes
Turn   | Place    | Note
-------+----------+-------------------------------------------
     0 | D:1      | kingofthe the Octopode Conjurer began the quest for the
                  | Orb.
     0 | D:1      | Reached XP level 1. HP: 11/11 MP: 3/3
   335 | D:1      | Reached XP level 2. HP: 17/17 MP: 2/5
   782 | D:1      | Reached skill level 3 in Spellcasting
  1210 | D:2      | Reached XP level 3. HP: 21/21 MP: 5/7
  1887 | D:2      | Found a faded altar of an unknown god.
  2153 | D:3      | HP: 2/21 [orc wizard/puff of flame (8)]
  2155 | D:3      | Killed from afar by an orc wizard

Vanquished Creatures
  3 dart slugs
  3 bats
  An endoplasm (D:2)
  A giant cockroach (D:1)
  6 goblins
  4 hobgoblins
  7 kobolds
  2 quokkas
  4 ball pythons
  2 rats
33 creatures vanquished.

Table legend: (Time is in decaauts)
 A = Elapsed time spent in this place.
 B = Non-inter-level travel time spent in this place.
 C = Inter-level travel time spent in this place.
 D = Time resting spent in this place.
 E = Time spent auto-exploring this place.
 F = Levels seen in this place.
 G = Mean time per level.
                   A        B        C        D        E       F      G
               +--------+--------+--------+--------+--------+-----+--------+
         Total |   2154 |   2121 |     33 |     81 |   1885 |   3 |  718.0 |
       Dungeon |   2154 |   2121 |     33 |     81 |   1885 |   3 |  718.0 |
               +--------+--------+--------+--------+--------+-----+--------+

Top non-repeatable levels by time:
     D:1: 1057 daAuts
     D:2: 943 daAuts
     D:3: 153 daAuts

Table legend:
 A = Non-vault XP
 B = Vault XP
 C = Vault XP percentage of total XP
 D = Non-vault monster count
 E = Vault monster count
 F = Vault count percentage of total count
                 A         B        C        D         E       F
            +---------+---------+-------+---------+---------+-------
      Total |      56 |       2 |   3.4 |      31 |       2 |   6.1
            +---------+---------+-------+---------+---------+-------
        D:1 |      27 |       0 |   0.0 |      15 |       0 |   0.0
        D:2 |      25 |       2 |   7.4 |      13 |       2 |  13.3
        D:3 |       4 |       0 |   0.0 |       3 |       0 |   0.0
            +---------+---------+-------+---------+---------+-------
